[Event "Team 45 45 League T49"]
[Site "Internet Chess Club"]
[Date "2011.05.30"]
[Round "3"]
[White "bmw2002"]
[Black "juniorVishy"]
[Result "0-1"]
[WhiteElo "1580"]
[BlackElo "1670"]
[Opening "English: Caro-Kann defensive system"]
[ECO "A11"]
[Time "20:09:15"]
[TimeControl "2700+45"]

1. c4 c6 2. g3 d5 3. cxd5 cxd5 4. Bg2 Nf6 5. d4 Nc6 6. e3 e6 7. Ne2 Bd6 8. O-O
O-O 9. Nbc3 a6 10. a4 Bd7 11. e4 dxe4 12. Nxe4 Nxe4 13. Bxe4 h6 14. Be3 Qe7 15.
Nc3 Rab8 16. Qf3 f5 17. Bxc6 Bxc6 18. Qh5 Qf7 19. Qe2 Qf6 20. Rfd1 f4 21. Bc1
fxg3 22. hxg3 Bf3 23. Ne4 Bxe2 24. Nxf6+ Rxf6 {White resigns} 0-1

[Event "Team 45 45 League T49"]
[Site "Internet Chess Club"]
[Date "2011.05.29"]
[Round "3"]
[White "zigzag2002"]
[Black "BrerRabbit"]
[Result "1-0"]
[WhiteElo "1731"]
[BlackElo "1487"]
[Opening "Pirc: classical (two knights) system"]
[ECO "B08"]
[Time "19:03:07"]
[TimeControl "2700+45"]

1. e4 d6 2. d4 Nf6 3. Nc3 g6 4. Nf3 Bg7 5. Be3 a6 6. Bd3 b5 7. a3 O-O 8. O-O Nc6
9. Ne2 Bb7 10. c3 e5 11. d5 Ne7 12. Qd2 Rc8 13. b4 c6 14. dxc6 Bxc6 15. Ng3 Ng4
16. h3 Nxe3 17. Qxe3 Qc7 18. Rac1 Qb7 19. Nd2 d5 20. Kh1 d4 21. cxd4 exd4 22.
Qe2 Bd7 23. f4 Rfd8 24. f5 Be5 25. Qf3 Rf8 26. Qg4 Kh8 27. Nf3 Qb8 28. Nxe5 Qxe5
29. Qf3 Rc3 30. Rxc3 dxc3 31. fxg6 hxg6 32. Ne2 Be6 33. Rc1 Rd8 34. Rxc3 Kg7 35.
Qf4 Qh5 36. Kh2 Rxd3 37. Rxd3 Qxe2 38. Qe5+ Kh7 39. Rd8 Ng8 40. Qb8 f6 41. Qf4
Qh5 42. Rd6 Bc4 43. Rxa6 Qe5 44. Qxe5 fxe5 45. a4 bxa4 46. Rxa4 Bd3 47. Ra5 Bxe4
48. Rxe5 Nf6 49. b5 Kg7 50. b6 Kf7 51. Rc5 Ke8 52. Rc8+ Ke7 53. b7 Nd7 54. b8=Q
Nxb8 55. Rxb8 Bf5 56. Rb7+ Kf6 57. Rb6+ Kg5 58. Rb5 Kh6 59. g4 Bd3 60. Ra5 Kg7
61. g5 Bf5 62. Ra7+ Kh8 63. Kg3 Kg8 64. h4 Kf8 65. Kf4 Bc2 66. Ke5 Bd3 67. Kf6
Ke8 68. Rg7 {Black resigns} 1-0

[Event "Team 45 45 League T49"]
[Site "Internet Chess Club"]
[Date "2011.05.28"]
[Round "3"]
[White "AlPearson"]
[Black "Mymas"]
[Result "1/2-1/2"]
[WhiteElo "1398"]
[BlackElo "1472"]
[Opening "English opening"]
[ECO "A20"]
[Time "10:20:11"]
[TimeControl "2700+45"]

1. c4 e5 2. g3 Nf6 3. Bg2 Nc6 4. Nc3 Bc5 5. Nf3 d6 6. O-O Be6 7. b3 O-O 8. Bb2
Qc8 9. a3 a6 10. b4 Ba7 11. d3 Bh3 12. Qd2 Bxg2 13. Kxg2 Nd4 14. Nxd4 Bxd4 15.
e3 Ba7 16. Nd5 Nxd5 17. cxd5 Qd7 18. Rac1 Rac8 19. Rc2 c6 20. dxc6 Rxc6 21. Rxc6
Qxc6+ 22. Kg1 Rc8 23. Rc1 Qd7 24. Rxc8+ Qxc8 25. Qc3 Qxc3 26. Bxc3 Kf8 27. Kf1
Ke7 28. Ke2 Ke6 29. f4 f6 30. Kf3 d5 31. d4 exf4 32. exf4 h6 33. Kg4 f5+ 34. Kh5
Kf6 35. Bb2 b5 36. Bc3 Bb6 {Game drawn by mutual agreement} 1/2-1/2

[Event "Team 45 45 League T49"]
[Site "Internet Chess Club"]
[Date "2011.05.26"]
[Round "3"]
[White "kidviper"]
[Black "BigH"]
[Result "1/2-1/2"]
[WhiteElo "1912"]
[BlackElo "1842"]
[Opening "English: symmetrical, Rubinstein system"]
[ECO "A16"]
[Time "13:21:01"]
[TimeControl "2700+45"]

1. c4 Nf6 2. Nc3 c5 3. g3 d5 4. cxd5 Nxd5 5. Bg2 Nc7 6. Nf3 Nc6 7. O-O e5 8. d3
f6 9. Be3 Qd7 10. Rc1 b6 11. Nd2 Bb7 12. Nc4 Be7 13. Qb3 Ne6 14. Bh3 Ncd4 15.
Bxd4 Qc6 16. Qb5 Nxd4 17. Qxc6+ Bxc6 18. Rfe1 O-O 19. Bg2 Rfd8 20. Ne4 Rac8 21.
Ne3 f5 22. Nc3 Bxg2 23. Kxg2 Bg5 24. Rf1 f4 25. Ne4 fxe3 26. Nxg5 Nxe2 27. Rce1
Nd4 28. Rxe3 h6 29. Nf3 Nxf3 30. Rxf3 Rd5 31. Re1 Rcd8 32. Rf5 Rxd3 33. Rfxe5
Rd2 34. R1e2 c4 35. Kf3 R8d4 36. Rxd2 Rxd2 37. Re2 Rd5 38. Ke3 Kf7 39. Rd2 Ke6
40. Rd4 b5 41. h3 a5 42. a4 Re5+ 43. Kf3 Rc5 44. axb5 c3 45. bxc3 Rxc3+ 46. Kg4
Rb3 47. f4 Rxb5 48. Rc4 Kd6 49. Rc8 Kd5 50. Rc3 a4 51. Rc8 Ra5 52. Kf5 a3 53.
Rc1 Ra6 54. Ra1 g6+ 55. Kg4 Kc4 56. f5 gxf5+ 57. Kxf5 Kb3 58. g4 Kb2 59. Rxa3
Kxa3 60. h4 Kb4 61. g5 hxg5 62. hxg5 Kc5 63. g6 Kd4 64. g7 Ra8 65. Ke6 Ke4 66.
Kf7 Ra7+ 67. Kf8 Ra8+ 68. Kf7 Ra7+ 69. Kf8 Rxg7 70. Kxg7 {Game drawn because
neither player has mating material} 1/2-1/2

[Event "Team 45 45 League T49"]
[Site "Internet Chess Club"]
[Date "2011.05.27"]
[Round "3"]
[White "Nakke"]
[Black "Achelous"]
[Result "1-0"]
[WhiteElo "1816"]
[BlackElo "1693"]
[Opening "QGD semi-Slav: Chigorin defense"]
[ECO "D46"]
[Time "13:00:31"]
[TimeControl "2700+45"]

1. c4 c6 2. Nc3 d5 3. d4 Nf6 4. e3 Nbd7 5. Nf3 e6 6. Bd3 Bd6 7. O-O O-O 8. b3 e5
9. cxd5 Bb4 10. Ne4 cxd5 11. Nxf6+ Qxf6 12. dxe5 Nxe5 13. Nxe5 Qxe5 14. Rb1 Bd6
15. f4 Qe7 16. Qh5 f5 17. Qf3 Be6 18. Bb2 Rae8 19. Bd4 Bc5 20. Rbc1 Ba3 21. Rc2
a6 22. Be5 Rc8 23. Rff2 Bd6 24. Bb2 Rce8 25. Bd4 Rc8 26. g3 Kh8 27. Qd1 Bc5 28.
Kg2 Bf7 29. Bxf5 Rc6 30. Bg4 Bg6 31. Rxc5 Rxc5 32. Bxc5 Qxc5 33. Qd4 Qxd4 34.
exd4 Re8 35. Re2 b5 36. Rxe8+ Bxe8 37. b4 Kg8 38. Be6+ Bf7 39. Bc8 Bg6 40. Bxa6
Bd3 41. Kf2 Bc4 42. a3 Kf7 43. Ke3 h5 44. f5 Kf6 45. Kf4 Bd3 46. a4 Bxf5 47.
Bxb5 g5+ 48. Ke3 Ke6 49. h4 gxh4 50. gxh4 Kd6 51. Kf4 Bg4 52. Be8 Kc7 53. Kg5
Kb6 54. Bxh5 Bd7 55. Bd1 {Black resigns} 1-0

[Event "Team 45 45 League T49"]
[Site "Internet Chess Club"]
[Date "2011.05.27"]
[Round "3"]
[White "BaumDeezy"]
[Black "Nobak"]
[Result "1-0"]
[WhiteElo "1501"]
[BlackElo "1439"]
[Opening "English, 1...Nf6 (Anglo-Indian defense)"]
[ECO "A15"]
[Time "21:06:00"]
[TimeControl "2700+45"]

1. c4 Nf6 2. g3 d6 3. Bg2 g6 4. Nc3 Bg7 5. d3 a5 6. Bd2 e5 7. e4 Nc6 8. Nge2 Bg4
9. f3 Be6 10. Nd5 O-O 11. O-O Ne7 12. Nxe7+ Qxe7 13. Bg5 Ra6 14. Qd2 Qd7 15. Bh6
Nh5 16. Bxg7 Nxg7 17. f4 Bg4 18. Nc3 c6 19. a3 exf4 20. Rxf4 Nh5 21. Rf2 Qe7 22.
h3 Bd7 23. g4 Ng7 24. Raf1 Qe5 25. d4 Qe6 26. Qd3 b5 27. Rf6 Qxc4 28. Qxc4 Be6
29. Qxe6 Nxe6 30. d5 Nd4 31. Rxd6 Ne2+ 32. Nxe2 {Black resigns} 1-0

[Event "Team 45 45 League T49"]
[Site "Internet Chess Club"]
[Date "2011.05.29"]
[Round "3"]
[White "IanT"]
[Black "dpmdpm"]
[Result "1/2-1/2"]
[WhiteElo "1336"]
[BlackElo "1541"]
[Opening "Sicilian: Alapin's variation (2.c3)"]
[ECO "B22"]
[Time "08:00:29"]
[TimeControl "2700+45"]

1. e4 c5 2. c3 Nf6 3. e5 Nd5 4. d4 cxd4 5. cxd4 d6 6. Nf3 Nc6 7. Bc4 Nb6 8. Bb3
e6 9. O-O Be7 10. Nc3 dxe5 11. dxe5 Qc7 12. Re1 O-O 13. Bf4 Bd7 14. Qc2 Na5 15.
Rad1 Nxb3 16. Qxb3 Rfd8 17. Qc2 h6 18. Rd3 Nd5 19. Qd2 Nxf4 20. Qxf4 Bc6 21.
Rxd8+ Rxd8 22. h3 Qb6 23. Rb1 Bc5 24. Qg3 Bxf3 25. Qxf3 Qc6 26. Qxc6 bxc6 27.
Re1 Rd2 28. Re2 Rxe2 29. Nxe2 Kh7 30. Kf1 Kg6 31. Nf4+ Kf5 32. Nd3 Bd4 33. f4 g5
34. fxg5 hxg5 35. Ke2 Bxe5 36. Kf3 Bd4 37. b3 e5 38. g4+ Ke6 39. Ke4 a5 40. a4
f6 41. Ne1 Bb6 42. Nf3 Bd8 43. Nd2 Bc7 44. Nc4 Bd8 45. Ne3 Bb6 46. Nf5 Bc7 47.
Ng7+ Kf7 48. Nh5 Kg6 49. Ng3 Bd8 50. Ne2 Bb6 51. Nc1 Bc7 52. Nd3 Bd6 {Game drawn
by mutual agreement} 1/2-1/2

[Event "Team 45 45 League T49"]
[Site "Internet Chess Club"]
[Date "2011.05.27"]
[Round "3"]
[White "spacecadet"]
[Black "JustinSane"]
[Result "0-1"]
[WhiteElo "2082"]
[BlackElo "2062"]
[Opening "French: King's Indian attack"]
[ECO "C00"]
[Time "14:55:51"]
[TimeControl "2700+45"]

1. e4 e6 2. d3 d5 3. Nd2 Nf6 4. Ngf3 Bc5 5. g3 dxe4 6. Ng5 exd3 7. Bxd3 O-O 8.
Nxh7 Bxf2+ 9. Kxf2 Nxh7 10. Nf3 Nd7 11. h4 b6 12. Bg5 Nhf6 13. h5 Bb7 14. Rh4 e5
15. h6 e4 16. hxg7 Kxg7 17. Bh6+ Kg8 18. Qh1 exd3 19. Bxf8 Ne4+ 20. Kg1 Qf6 21.
Be7 Qg7 22. Qh3 f5 23. cxd3 Nxg3 24. Ng5 Ne2+ 25. Kf2 Qxb2 26. Rb1 Qe5 27. Re1
Nf4 28. Rxe5 Nxh3+ 29. Rxh3 Nxe5 30. Kg3 f4+ 31. Kf2 Re8 32. Bb4 Bc8 33. Rh7
Nxd3+ 34. Kf3 Re3+ 35. Kg2 Rg3+ 36. Kh2 Rxg5 37. Rxc7 Nxb4 38. Rxc8+ Kh7 39. Rc4
Nd5 40. Kh3 Kg6 41. Rd4 Kf6 42. Kh4 Rf5 43. Rd2 f3 44. Kg3 f2 45. Rxf2 Rxf2 46.
Kxf2 Ke5 47. Ke2 Kd4 48. Kd2 Kc4 49. Kc2 Kb4 50. Kb2 Ka4 51. Kb1 Ka3 52. Ka1 Nb4
53. Kb1 Nxa2 54. Ka1 b5 55. Kb1 b4 56. Ka1 b3 57. Kb1 a5 58. Ka1 b2+ 59. Kb1
Nc3+ {White resigns} 0-1

[Event "Team 45 45 League T49"]
[Site "Internet Chess Club"]
[Date "2011.05.27"]
[Round "3"]
[White "fileman"]
[Black "Cryptochess"]
[Result "0-1"]
[WhiteElo "1891"]
[BlackElo "2089"]
[Opening "Queen's pawn: Yusupov-Rubinstein system"]
[ECO "A46"]
[Time "14:02:59"]
[TimeControl "2700+45"]

1. d4 Nf6 2. Nf3 e6 3. e3 c5 4. Bd3 d5 5. O-O Be7 6. b3 Nbd7 7. Bb2 b6 8. c4 Bb7
9. Nbd2 O-O 10. Re1 Ne4 11. cxd5 exd5 12. Ne5 cxd4 13. exd4 Nxe5 14. dxe5 Bb4
15. Nxe4 dxe4 16. Bxe4 Bxe4 17. Rxe4 Qe7 18. a3 Rad8 19. Qf3 Bd2 20. Rd1 Bg5 21.
Ree1 Bd2 22. Re2 Bg5 23. Ree1 Bd2 24. Re2 Bb4 25. Re4 Bxa3 26. Bxa3 Qxa3 27. Ra4
Qe7 28. Rda1 Rd7 29. Qe4 Rfd8 30. h3 a5 31. f4 Qh4 32. Re1 Qg3 33. Qe3 Rd3 34.
Qxg3 Rxg3 35. b4 Rd2 36. bxa5 Rgxg2+ 37. Kh1 bxa5 38. Rxa5 h6 39. Ra3 Rgf2 40.
Ra4 Rh2+ 41. Kg1 Rdg2+ 42. Kf1 Rb2 43. Kg1 Rxh3 44. f5 Rhh2 45. Ra8+ Kh7 46. e6
fxe6 47. fxe6 Rhe2 48. Kf1 Rxe1+ 49. Kxe1 Rb5 50. Kf2 Re5 51. Ra6 Kg6 52. Kf3
Kf6 53. Kf4 Rxe6 54. Ra7 g5+ 55. Kg4 Kg6 56. Ra8 h5+ 57. Kg3 h4+ 58. Kg4 Re4+
59. Kh3 Re3+ 60. Kh2 Kh5 61. Rh8+ Kg4 62. Rg8 Re5 63. Rf8 Re2+ 64. Kg1 Kg3 65.
Kf1 Rd2 66. Rg8 g4 67. Ra8 Rd3 68. Ra2 h3 69. Ke2 Rf3 70. Ra8 h2 71. Rh8 Kg2 72.
Rh4 h1=Q {White resigns} 0-1

[Event "Team 45 45 League T49"]
[Site "Internet Chess Club"]
[Date "2011.05.28"]
[Round "3"]
[White "DARKwizard1"]
[Black "LoseOften"]
[Result "1-0"]
[WhiteElo "1919"]
[BlackElo "1794"]
[Opening "Sicilian: Keres variation (2.Ne2)"]
[ECO "B20"]
[Time "15:14:38"]
[TimeControl "2700+45"]

1. e4 c5 2. Ne2 d6 3. Nbc3 Nf6 4. g3 g6 5. Bg2 Bg7 6. O-O O-O 7. h3 Nc6 8. d4
cxd4 9. Nxd4 Qb6 10. Nb3 a6 11. Be3 Qc7 12. Kh2 b5 13. a3 Bb7 14. f4 Rac8 15.
Qe2 Rfd8 16. Rad1 b4 17. axb4 Nxb4 18. Qf2 d5 19. Bb6 Qd7 20. e5 Ne8 21. Nc5
Rxc5 22. Qxc5 {Black resigns} 1-0

[Event "Team 45 45 League T49"]
[Site "Internet Chess Club"]
[Date "2011.05.27"]
[Round "3"]
[White "rubo"]
[Black "gerailen0075"]
[Result "0-1"]
[WhiteElo "1747"]
[BlackElo "1893"]
[Opening "French: advance, Euwe variation"]
[ECO "C02"]
[Time "21:00:08"]
[TimeControl "2700+45"]

1. e4 e6 2. d4 d5 3. e5 c5 4. c3 Nc6 5. Nf3 Bd7 6. Bd3 Qb6 7. O-O cxd4 8. cxd4
Nxd4 9. Nxd4 Qxd4 10. Nc3 a6 11. Qe2 Ne7 12. Rd1 Nc6 13. Bxa6 Qxe5 14. Qxe5 Nxe5
15. Bb5 Bc5 16. h3 O-O 17. Bxd7 Nxd7 18. Bf4 Nf6 19. a3 Rfd8 20. b4 Bb6 21. Bg5
h6 22. Bxf6 gxf6 23. a4 Rac8 24. Rd3 Rc4 25. a5 Bd4 26. Ra3 Rxb4 27. a6 Ra8 28.
Rxd4 Rxd4 29. axb7 Rf8 30. Nb5 Rb4 31. Nd6 Rb8 32. Rc3 R8xb7 33. Rc8+ Kg7 34.
Nxb7 Rxb7 35. Kf1 Rd7 36. Ke2 e5 37. f3 d4 38. Kd3 f5 39. Re8 Kf6 40. h4 Re7 41.
Rh8 Kg6 42. g4 fxg4 43. fxg4 e4+ 44. Ke2 d3+ 45. Ke3 Rd7 46. Rg8+ Kh7 47. Re8 d2
48. Kxe4 d1=Q 49. Kf4 Qf1+ {White resigns} 0-1

[Event "Team 45 45 League T49"]
[Site "Internet Chess Club"]
[Date "2011.05.29"]
[Round "3"]
[White "Geeloo"]
[Black "Justi"]
[Result "0-1"]
[WhiteElo "2066"]
[BlackElo "2140"]
[Opening "Sicilian: Taimanov variation"]
[ECO "B49"]
[Time "08:06:50"]
[TimeControl "2700+45"]

1. e4 c5 2. Nf3 e6 3. d4 cxd4 4. Nxd4 Nc6 5. Nc3 a6 6. Be3 Qc7 7. Be2 Nf6 8. O-O
Be7 9. f4 d6 10. Bf3 O-O 11. Qe2 Bd7 12. Kh1 b5 13. a3 Rac8 14. Rad1 Nxd4 15.
Bxd4 e5 16. Be3 Be6 17. Qf2 exf4 18. Bxf4 Rfe8 19. Rd2 Nd7 20. Nd5 Bxd5 21. exd5
Bf6 22. c3 Re7 23. Bg4 Rce8 24. Bxd7 Qxd7 25. h3 Qc7 26. Qg3 Be5 27. Rdf2 Bxf4
28. Qxf4 Qc5 29. Qd2 f6 30. Kh2 Re5 31. Rd1 Qe3 32. Qxe3 Rxe3 33. Rfd2 Kf7 34.
Kg1 Ke7 35. Kf2 Kd7 36. Rd4 Re2+ {White resigns} 0-1

[Event "Team 45 45 League T49"]
[Site "Internet Chess Club"]
[Date "2011.05.30"]
[Round "3"]
[White "cesaralexander"]
[Black "bogolijubov"]
[Result "0-1"]
[WhiteElo "1876"]
[BlackElo "1785"]
[Opening "Grünfeld: exchange, Seville variation"]
[ECO "D87"]
[Time "16:56:22"]
[TimeControl "2700+45"]

1. d4 Nf6 2. c4 g6 3. Nc3 d5 4. cxd5 Nxd5 5. e4 Nxc3 6. bxc3 Bg7 7. Bc4 O-O 8.
Ne2 c5 9. O-O Nc6 10. Be3 Bg4 11. f3 Na5 12. Bxf7+ Rxf7 13. fxg4 Rxf1+ 14. Kxf1
cxd4 15. cxd4 e5 16. dxe5 Bxe5 17. Qxd8+ Rxd8 18. Rc1 Nc6 19. g3 Rd3 20. Kf2 Kf7
21. Rb1 b6 22. Nc1 Rc3 23. Ne2 Ra3 24. Nc1 Ke6 25. Rb3 Ra4 26. Kf3 Nb4 27. a3
Nc2 28. Bxb6 axb6 29. Rxb6+ Kd7 30. Rb7+ Bc7 31. Rb3 Nd4+ {White resigns} 0-1

[Event "Team 45 45 League T49"]
[Site "Internet Chess Club"]
[Date "2011.05.30"]
[Round "3"]
[White "perikitosax"]
[Black "azbycx"]
[Result "1-0"]
[WhiteElo "1997"]
[BlackElo "1791"]
[Opening "Grünfeld: modern exchange variation"]
[ECO "D90"]
[Time "10:01:40"]
[TimeControl "2700+45"]

1. d4 Nf6 2. c4 g6 3. Nc3 d5 4. Nf3 Bg7 5. cxd5 Nxd5 6. e4 Nxc3 7. bxc3 O-O 8.
Be3 c5 9. Qd2 Qa5 10. Rc1 Rd8 11. d5 Bg4 12. Ng5 h6 13. h3 Bd7 14. Nf3 Kh7 15.
Bd3 Be8 16. h4 h5 17. g4 hxg4 18. Ng5+ Kg8 19. h5 gxh5 20. e5 Bxe5 21. Rxh5 f6
22. Bh7+ Kh8 23. Bg6+ Kg8 24. Bxe8 Rxe8 25. Qd3 fxg5 26. Rxg5+ Kf8 {Black
resigns} 1-0

[Event "Team 45 45 League T49"]
[Site "Internet Chess Club"]
[Date "2011.05.29"]
[Round "3"]
[White "az2112"]
[Black "CapitanTrueno"]
[Result "1/2-1/2"]
[WhiteElo "1741"]
[BlackElo "1772"]
[Opening "Ruy Lopez: open (Tarrasch) defense"]
[ECO "C80"]
[Time "12:32:39"]
[TimeControl "2700+45"]

1. e4 e5 2. Nf3 Nc6 3. Bb5 a6 4. Ba4 Nf6 5. O-O Nxe4 6. Re1 Nc5 7. Bxc6 dxc6 8.
Nxe5 Be7 9. d4 Ne6 10. Be3 O-O 11. f4 f6 12. Nf3 Bd6 13. Qd2 Re8 14. Nc3 Nf8 15.
Bf2 Ne6 16. Be3 Nf8 17. Bf2 Ne6 18. Be3 {Game drawn by repetition} 1/2-1/2

[Event "Team 45 45 League T49"]
[Site "Internet Chess Club"]
[Date "2011.05.29"]
[Round "3"]
[White "Tobiasdelmonte"]
[Black "dschesq"]
[Result "1-0"]
[WhiteElo "1772"]
[BlackElo "1668"]
[Opening "Kevitz-Trajkovich defense"]
[ECO "A50"]
[Time "16:00:33"]
[TimeControl "2700+45"]

1. d4 Nf6 2. c4 Nc6 3. d5 Ne5 4. Qd4 d6 5. e4 c5 6. dxc6 Nxc6 7. Qd3 g6 8. Nc3
Bg7 9. Nf3 O-O 10. Be2 Nh5 11. O-O Nf4 12. Bxf4 {Black resigns} 1-0

[Event "Team 45 45 League T49"]
[Site "Internet Chess Club"]
[Date "2011.05.30"]
[Round "3"]
[White "Kawasaki"]
[Black "GreatBendini"]
[Result "1/2-1/2"]
[WhiteElo "1831"]
[BlackElo "1893"]
[Opening "Scandinavian defense"]
[ECO "B01"]
[Time "16:02:43"]
[TimeControl "2700+45"]

1. e4 d5 2. exd5 Nf6 3. Nf3 Nxd5 4. d4 Bg4 5. c3 e6 6. h3 Bh5 7. Bc4 Be7 8. O-O
O-O 9. g4 Bg6 10. Ne5 Nd7 11. Nxg6 hxg6 12. Re1 c6 13. Bxd5 cxd5 14. Qb3 Qc7 15.
Be3 Nb6 16. Nd2 Rac8 17. f4 Bh4 18. Rf1 a6 19. Rac1 Nc4 20. Nxc4 dxc4 21. Qd1
Rcd8 22. Qf3 Be7 23. f5 gxf5 24. gxf5 exf5 25. Bf4 Qb6 26. Rc2 g6 27. Rg2 Rfe8
28. Be5 Kf8 29. Qf4 Bd6 30. Qh6+ Ke7 31. Bxd6+ Rxd6 32. Re2+ Re6 33. Rfe1 Kd7
34. Rxe6 Rxe6 35. Rxe6 Qxe6 36. Kf2 Qe4 37. Qf8 Qh4+ 38. Kg2 Qe7 39. Qxe7+ Kxe7
40. h4 Ke6 41. Kf3 b5 42. Kf4 Kd5 43. a3 a5 44. Ke3 f6 45. Kf4 Kd6 46. Ke3 Kd5
{Game drawn by mutual agreement} 1/2-1/2

[Event "Team 45 45 League T49"]
[Site "Internet Chess Club"]
[Date "2011.05.29"]
[Round "3"]
[White "Killian"]
[Black "jps7"]
[Result "1-0"]
[WhiteElo "1894"]
[BlackElo "1718"]
[Opening "French: Tarrasch, closed variation, main line"]
[ECO "C06"]
[Time "15:00:53"]
[TimeControl "2700+45"]

1. e4 e6 2. d4 d5 3. Nd2 Nf6 4. e5 Nfd7 5. Bd3 c5 6. c3 Nc6 7. Ne2 cxd4 8. cxd4
Qb6 9. Nf3 Bb4+ 10. Kf1 O-O 11. a3 Be7 12. b4 f5 13. Be3 Qd8 14. h4 Nb6 15. Rc1
Bd7 16. Qd2 Be8 17. Nf4 Qd7 18. Ng5 Bxg5 19. hxg5 g6 20. Qe2 Qe7 21. Qf3 Bd7 22.
Qh3 Rf7 23. Nxg6 Qe8 24. Nf4 Rg7 25. Be2 Qe7 26. Nh5 Rg6 27. Nf6+ Rxf6 28. gxf6
Qf7 29. Bh6 Be8 30. Bg7 Qg6 31. Rc3 f4 32. Bd3 Qg5 33. Qxh7+ Kf7 34. Bh6+ Qg7
35. Qxg7# {Black checkmated} 1-0

[Event "Team 45 45 League T49"]
[Site "Internet Chess Club"]
[Date "2011.05.27"]
[Round "3"]
[White "UnderRated"]
[Black "Gilguli"]
[Result "1-0"]
[WhiteElo "1599"]
[BlackElo "1486"]
[Opening "Vienna: Hamppe-Muzio gambit"]
[ECO "C25"]
[Time "09:32:02"]
[TimeControl "2700+45"]

1. e4 e5 2. Nc3 Nc6 3. f4 exf4 4. Nf3 g5 5. Bc4 g4 6. O-O gxf3 7. Qxf3 Bh6 8.
Qh5 Qf6 9. Nd5 Qd4+ 10. Rf2 Qxc4 11. d3 Qd4 12. Nxc7+ Kd8 13. Nxa8 Qg7 14. c3
Nf6 15. Qd1 Rg8 16. Qf1 Ng4 17. Rf3 Nce5 18. Rh3 d6 19. d4 Nc6 20. Bxf4 Bxf4 21.
Qxf4 Qf6 22. Rf1 Qxf4 23. Rxf4 Rg7 24. Rhf3 Nh6 25. Rf6 Rg6 26. b4 Ne7 27. Kf1
Ng4 28. Rxf7 Nxh2+ 29. Kf2 Nxf3 30. gxf3 Rg8 31. Rxh7 Re8 32. c4 b6 33. c5 Bd7
34. cxb6 Bc6 35. Nc7 axb6 36. Nxe8 Bxe8 37. f4 Nc6 38. Rh6 Kc7 39. Ke3 Nxb4 40.
f5 Nxa2 41. f6 Kd7 42. Rh7+ Ke6 43. Re7+ Kxf6 44. Rxe8 b5 45. Ra8 Nc3 46. Ra6
Ke6 47. Kd3 b4 48. Rb6 Kd7 49. Rxb4 Na2 50. Rb1 Kc6 51. Kc2 d5 52. e5 Kd7 53.
Kb3 Ke6 54. Kxa2 Kf5 55. Kb3 {Black resigns} 1-0

[Event "Team 45 45 League T49"]
[Site "Internet Chess Club"]
[Date "2011.05.27"]
[Round "3"]
[White "SlimeDog2"]
[Black "playwaycool"]
[Result "0-1"]
[WhiteElo "2032"]
[BlackElo "2113"]
[Opening "QGD semi-Slav: 5.e3"]
[ECO "D45"]
[Time "22:11:56"]
[TimeControl "2700+45"]

1. d4 d5 2. c4 c6 3. Nf3 Nf6 4. Nc3 e6 5. e3 dxc4 6. Bxc4 b5 7. Bd3 Bb7 8. a4 b4
9. Ne4 Nxe4 10. Bxe4 a5 11. O-O Nd7 12. b3 Be7 13. Bb2 O-O 14. Rc1 Rc8 15. Qe2
Qb6 16. Nd2 Ba6 17. Nc4 Qa7 18. Rfd1 Nb6 19. Qc2 Nxc4 20. Bxh7+ Kh8 21. bxc4 g6
22. Bxg6 fxg6 23. Qxg6 Bf6 24. Qh5+ Qh7 25. Qxa5 Bb7 26. c5 Rg8 27. f3 Rxg2+ 28.
Kxg2 Rg8+ 29. Kh1 Qh3 {White resigns} 0-1

[Event "Team 45 45 League T49"]
[Site "Internet Chess Club"]
[Date "2011.05.27"]
[Round "3"]
[White "ChessAuthor"]
[Black "dacarrelli"]
[Result "0-1"]
[WhiteElo "1720"]
[BlackElo "1660"]
[Opening "Neo-Grünfeld defense"]
[ECO "D70"]
[Time "14:00:51"]
[TimeControl "2700+45"]

1. Nf3 Nf6 2. d4 g6 3. c4 d5 4. cxd5 Nxd5 5. e4 Nb6 6. Nc3 Bg7 7. h3 O-O 8. a4
a5 9. Be2 Nc6 10. Be3 Nb4 11. Qb3 c6 12. Rc1 Be6 13. Qd1 Nc4 14. b3 Nxe3 15.
fxe3 Qc7 16. O-O Qg3 17. Qe1 Qxe1 18. Rfxe1 Bxb3 19. Kf2 e5 20. Rb1 Be6 21. dxe5
Rad8 22. Red1 h6 23. Rbc1 Rfe8 24. Rd6 Kf8 25. Nb1 Ke7 26. Rcd1 Bb3 27. Rxd8
Rxd8 28. Rxd8 Kxd8 29. Nc3 Ke7 30. g4 Ke6 31. Ke1 Bxe5 32. Nd4+ Bxd4 33. exd4
Nc2+ {White resigns} 0-1

[Event "Team 45 45 League T49"]
[Site "Internet Chess Club"]
[Date "2011.05.29"]
[Round "3"]
[White "GUNSMOKE"]
[Black "BotanicalKnight"]
[Result "0-1"]
[WhiteElo "1714"]
[BlackElo "1652"]
[Opening "English: Sicilian reversed"]
[ECO "A25"]
[Time "20:03:48"]
[TimeControl "2700+45"]

1. c4 e5 2. Nc3 Nc6 3. e3 f5 4. d4 e4 5. Nge2 d6 6. Nf4 g6 7. b4 a6 8. Qb3 Nf6
9. Bb2 Bg7 10. Ncd5 O-O 11. c5 Kh8 12. Bc4 Ne7 13. Nxe7 Qxe7 14. a4 c6 15. cxd6
Qxd6 16. Ba3 b5 17. axb5 cxb5 18. Bf7 g5 19. Nh5 Nxh5 20. Bxh5 Be6 21. Qb2 g4
22. Qe2 Bc4 23. Qd1 Qh6 24. Bxg4 fxg4 25. Qxg4 Bd3 26. Rc1 Rg8 27. Bb2 Raf8 28.
Rc7 Qd6 29. Rc5 Bf6 30. Qf5 Rg5 31. Qxg5 Bxg5 32. Rxg5 Qxb4+ {White resigns} 0-1

[Event "Team 45 45 League T49"]
[Site "Internet Chess Club"]
[Date "2011.05.28"]
[Round "3"]
[White "badmove"]
[Black "oldsj"]
[Result "1-0"]
[WhiteElo "1751"]
[BlackElo "1628"]
[Opening "King's Indian: 5.Nf3"]
[ECO "E90"]
[Time "09:01:06"]
[TimeControl "2700+45"]

1. d4 Nf6 2. c4 g6 3. Nc3 Bg7 4. e4 d6 5. Nf3 O-O 6. h3 e5 7. d5 Na6 8. Bg5 Qe8
9. g4 Nc5 10. Nd2 a5 11. Qf3 Qe7 12. Rg1 h6 13. Be3 b6 14. g5 hxg5 15. Bxg5 Ba6
16. Be2 Ncd7 17. Qe3 Qe8 18. Bh6 Nh7 19. h4 f6 20. Bxg7 Kxg7 21. Bh5 Ng5 22.
hxg5 gxh5 23. gxf6+ Kxf6 24. Qh6+ Ke7 25. O-O-O Rxf2 26. Rg7+ Rf7 27. Qg5+ Nf6
28. Rf1 Kd8 29. Rxf6 Rxf6 30. Qxf6+ Kc8 31. Qf7 Qxf7 32. Rxf7 Kb7 33. Rh7 Rg8
34. Rxh5 Rg1+ 35. Kc2 Rg2 36. b3 Kb8 37. Rh8+ Bc8 38. Nb5 Kb7 39. Rh7 Bf5 40.
Rxc7+ Kb8 41. exf5 {Black resigns} 1-0

[Event "Team 45 45 League T49"]
[Site "Internet Chess Club"]
[Date "2011.05.30"]
[Round "3"]
[White "stan-beers"]
[Black "drsigmund1"]
[Result "0-1"]
[WhiteElo "1467"]
[BlackElo "1467"]
[Opening "Benko's opening"]
[ECO "A00"]
[Time "21:00:14"]
[TimeControl "2700+45"]

1. g3 d5 2. d4 c6 3. Nf3 Nf6 4. Bg2 Bf5 5. O-O Nbd7 6. a4 e6 7. c3 Be7 8. Na3
O-O 9. Nc2 a5 10. h4 h6 11. Bf4 Nh5 12. Bc1 g5 13. hxg5 hxg5 14. Ne3 Bg6 15. Ng4
f5 16. Nge5 Nxe5 17. Nxe5 Bh7 18. e4 f4 19. Qxh5 fxg3 20. Bh3 gxf2+ 21. Rxf2
Rxf2 22. Bxe6+ Kh8 23. Ng6+ Kg7 24. Nxe7 Qxe7 25. Bxg5 Qxe6 26. Kxf2 Rf8+ 27.
Kg1 Bxe4 28. Re1 Rh8 29. Rxe4 dxe4 30. Qe2 Qg6 31. Qg4 Rh5 32. Qd7+ Qf7 33. Qg4
Kg8 34. Bf6+ Kh7 35. Qxe4+ Qg6+ 36. Qxg6+ Kxg6 37. Be5 Rh7 38. Kf2 Kf5 39. Ke2
c5 40. Kd2 c4 41. Kc2 Ke4 42. b3 cxb3+ 43. Kxb3 Kd5 44. c4+ Kc6 45. d5+ Kc5 46.
d6 Rh3+ 47. Kb2 Kxc4 48. d7 Rd3 49. Bc7 Rxd7 50. Bxa5 b5 51. axb5 Kxb5 52. Bc3
Rb7 53. Kc2 Kc4 54. Bh8 Rb3 55. Kd2 Rh3 56. Kc2 Rh2+ 57. Kd1 Rg2 58. Ke1 Kd3 59.
Kf1 Ra2 60. Kg1 Ke3 61. Kh1 Kf3 62. Kg1 Kg4 63. Kf1 Kf3 64. Bc3 Rg2 65. Bd4 Rd2
66. Bc3 Rd1+ 67. Be1 Rb1 68. Kg1 Rxe1+ 69. Kh2 Rf1 70. Kh3 Rg1 71. Kh2 Rg8 72.
Kh1 Kf2 73. Kh2 Rh8# {White checkmated} 0-1